Cogmind - Beta 16 @@@ ROGUE MODE // 2025.10.27 @ 14:18:27 Player: nirgal Result: Destroyed by D-53 Grenadier with Mini Grenade Launcher Performance ------------- Evolutions (0) 0 Regions Visited (2) 400 Robots Destroyed (11) 55 Value Destroyed (261) 261 Prototype IDs (0) 0 Alien Tech Used (0) 0 Bonus (0) 0 TOTAL SCORE: 716 Bonus ------- None Cogmind --------- Core Integrity 0/250 Matter 300/300 Energy 100/100 System Corruption 0% Temperature Cool (0) Movement Core (350) Ox6 Location -10/Mines Parts ------- > --- POWER (1) -------- (None) > --- PROPULSION (2) --- (None) > --- UTILITY (2) ------ Large Storage Unit > --- WEAPON (2) ------- (None) > --- INVENTORY (15) --- Light Ion Engine Aluminum Leg Aluminum Leg Wheel Compact Wheel Large Storage Unit Improved Terrain Scanner ECM Suite Assault Rifle Welding Torch Peak State ------------ > --- POWER ------------ Light Ion Engine > --- PROPULSION ------- Light Treads Light Treads > --- UTILITY ---------- Small Storage Unit Seismic Detector > --- WEAPON ----------- Light Assault Rifle Light Assault Rifle > --- INVENTORY -------- Light Ion Engine Aluminum Leg Aluminum Leg Wheel Compact Wheel Improved Terrain Scanner Assault Rifle Welding Torch [Rating: 8] Favorites ----------- Power Light Ion Engine Engine Light Ion Engine Propulsion Light Treads Treads Light Treads Utility Seismic Detector Device Seismic Detector Storage Small Storage Unit Weapon Light Assault Rifle Ballistic Gun Light Assault Rifle Build | -11 -10 -10 ------- Run | Yrd Mat Min Slots Evolved . | . . . Power . | . . . Propulsion . | . . . Utility . | . . . Weapon . | . . . Parts Attached 10 | 7 3 . Power 3 | 1 2 . Engine 3 | 1 2 . Core . | . . . Reactor . | . . . Propulsion 2 | 2 . . Treads 2 | 2 . . Leg . | . . . Wheel . | . . . Hover . | . . . Flight . | . . . Utility 3 | 2 1 . Device 1 | 1 . . Storage 2 | 1 1 . Processor . | . . . Hackware . | . . . Protection . | . . . Artifact . | . . . Weapon 2 | 2 . . Energy Gun . | . . . Energy Cannon . | . . . Ballistic Gun 2 | 2 . . Ballistic Cannon . | . . . Launcher . | . . . Special Weapon . | . . . Impact Weapon . | . . . Slashing Weapon . | . . . Piercing Weapon . | . . . Special Melee Weapon . | . . . Unidentified Prototypes . | . . . Parts Lost 5 | . . 5 Power 1 | . . 1 Propulsion 1 | . . 1 Utility 1 | . . 1 Weapon 2 | . . 2 Highest Loss Streak 5 | . . 5 To Critical Strikes . | . . . Average Backups 7 | 4 8 10 Power . | . 1 1 Propulsion 3 | 2 4 4 Utility 1 | . 1 3 Weapon . | . 1 1 Tool/Special . | . . . Unused Backups 9 | . . 9 Power . | . . . Propulsion 4 | . . 4 Utility 3 | . . 3 Weapon 1 | . . 1 Tool/Special 1 | . . 1 Average Slot Usage (%) 95 | . 99 70 Engine 13 | . 14 12 Treads 25 | . 27 10 Device 13 | . 14 10 Storage 14 | . 14 14 Ballistic Gun 27 | . 28 24 Peak Build Rating 8 | 7 8 7 Average Rating 7 | 5 7 5 On Entrance 4 | . 7 7 Avg Prop Armor Cover (%) 16 | 16 . . Naked Turns . | . . . Heaviest Build 28 | 11 28 28 Greatest Support 40 | 40 40 20 Greatest Overweight (x) 8 | 2 1 8 Average Overweight (x) . | . . 2 Largest Inventory Capacity 15 | 8 15 15 Average Capacity 10 | 7 10 15 Most Carried 10 | 7 10 10 Average Carried 7 | 4 8 10 Final Capacity 15 | 8 15 15 Final Carried 10 | 7 10 10 Class Distribution -------------------- 100% | Mutant Dominant Class ---------------- Mutant | -10/Materials Mutant | -10/Mines Resources | -11 -10 -10 ----------- Run | Yrd Mat Min Matter Collected 367 | 258 109 . Remotely . | . . . Salvage Created 341 | 34 307 . Parts 25 | 6 19 . Haulers Intercepted . | . . . Recyclers Shooed . | . . . Parts Field Recycled . | . . . Retrieved Matter . | . . . Parts Self-Destructed . | . . . Prevented . | . . . Parts Restored . | . . . Kills | -11 -10 -10 ------- Run | Yrd Mat Min Combat Hostiles Destroyed 9 | . 9 . Guns 9 | . 9 . Classes Destroyed 3 | 1 2 . Tunneler 2 | 2 . . Swarmer 3 | . 3 . Grunt 6 | . 6 . Best Kill Streak 3 | 1 3 . Combat Bots Only 3 | . 3 . Max Kills in Single Turn 1 | 1 1 . Gunslinging . | . . . Exploded . | . . . Melee . | . . . Uniques/NPCs Destroyed . | . . . Combat | -11 -10 -10 -------- Run | Yrd Mat Min Hostile Shots Fired 45 | . 31 14 Missed 7 | . 5 2 Hits 38 | . 26 12 Melee 2 | . . 2 Projectile 36 | . 26 10 AOE 12 | . . 12 Damage Taken 771 | . 262 509 Core 255 | . 20 235 Absorbed by Shields . | . . . Core Remaining (%) 100 | 100 . . Volleys Fired 42 | 11 28 3 Largest 2 | 2 2 2 Hottest 40 | 40 40 40 Shots Fired 82 | 22 56 4 Gun 82 | 22 56 4 Cannon . | . . . Launcher . | . . . Special . | . . . Kinetic 82 | 22 56 4 Thermal . | . . . Explosive . | . . . Electromagnetic . | . . . Robot Hit Streak 8 | 4 8 6 Robot Miss Streak 2 | 2 2 1 Penetration Max . | . . . Secondary Targets . | . . . Shots Hit Robots 47 | 13 31 3 Core Hits 24 | 5 18 1 Critical Kills 1 | . 1 . Critical Parts Destroyed . | . . . Critical Strikes 1 | . 1 . Destroy 1 | . 1 . Melee Attacks . | . . . Impact . | . . . Slashing . | . . . Piercing . | . . . Sneak Attacks . | . . . Combat Hostiles . | . . . Follow-up Attacks . | . . . Damage Inflicted 396 | 113 259 24 Guns 385 | 113 248 24 Cannons . | . . . Explosions . | . . . Melee . | . . . Ramming 11 | . 11 . Kinetic 385 | 113 248 24 Thermal . | . . . Explosive . | . . . Electromagnetic . | . . . Impact . | . . . Slashing . | . . . Piercing . | . . . Highest Corruption . | . . . Average Corruption . | . . . Corruption Purged . | . . . Corruption Blocked . | . . . Overload Shots . | . . . Overflow Damage . | . . . Projectiles . | . . . Explosions . | . . . Melee . | . . . Knockbacks . | . . . Impact . | . . . Kinetic . | . . . Secondary . | . . . Self-Inflicted Damage . | . . . Shots . | . . . Rammed 2 | . 2 . Targets Rammed 2 | . 2 . Kicked . | . . . Crushed . | . . . Highest Temperature 12 | . 12 . Average Temperature 7 | . 7 . Received Heat Transfer 102 | . 102 . Siege Activations . | . . . Martial Activations . | . . . Shielding Activations . | . . . Robots Disrupted . | . . . Combat Hostiles . | . . . Robots Corrupted . | . . . Combat Hostiles . | . . . Parts Fried . | . . . Impact Corruptions . | . . . Robots Melted . | . . . Combat Hostiles . | . . . Parts Melted . | . . . Heat Transferred . | . . . Parts Sabotaged . | . . . Parts Stolen . | . . . Parts Stripped . | . . . Power Chain Reactions . | . . . Alert | -11 -10 -10 ------- Run | Yrd Mat Min Maximum Alert Level . | . . . Low Security (%) 100 | 100 100 100 Level 1 . | . . . Level 2 . | . . . Level 3 . | . . . Level 4 . | . . . Level 5 . | . . . High Security . | . . . Max Security . | . . . Peak Influence 154 | 5 154 21 Initial 21 | . . 21 Average 56 | . 76 9 Influence Increases 264 | 10 254 . Destroy 0b10 Robot/C 180 | . 180 . Destroy 0b10 Robot/NC 10 | 10 . . Destroy Leader 30 | . 30 . Successful Hack 14 | . 14 . Lose Combat Pursuer 30 | . 30 . Influence Decreases 264 | 10 200 54 Entered New Map 33 | . . 33 Time Decay 220 | 10 200 10 Lost Ally 11 | . . 11 Squads Dispatched 3 | . 3 . Investigation 2 | . 2 . Extermination . | . . . Reinforcement 1 | . 1 . Assault . | . . . Garrison . | . . . Intercept . | . . . Searches Triggered . | . . . Construction Impeded . | . . . Haulers Reinforced . | . . . Active Scanning Responses . | . . . Cargo Convoy Interrupts . | . . . Stealth | -11 -10 -10 --------- Run | Yrd Mat Min Distress Signals . | . . . Communications Jammed . | . . . Distress Signals . | . . . Times Spotted 27 | . 18 9 Peak Tracking Total 7 | . 3 7 Tactical Retreats 2 | . 2 . Traps | -11 -10 -10 ------- Run | Yrd Mat Min Traps Triggered 1 | . 1 . Indirectly . | . . . Trap Hack Attempts . | . . . Triggered . | . . . Disarmed . | . . . Reprogrammed . | . . . Reused . | . . . Traps Extracted . | . . . Installed . | . . . Triggered . | . . . Machines | -11 -10 -10 ---------- Run | Yrd Mat Min Machines Disabled . | . . . Max in Single Turn . | . . . Machines Repaired . | . . . Machines Dismantled . | . . . Machines Sabotaged . | . . . Overloaded Fab Kills . | . . . Hacking | -11 -10 -10 --------- Run | Yrd Mat Min Machines Accessed 3 | . 3 . Terminals 2 | . 2 . Fabricators . | . . . Repair Stations . | . . . Recycling Units 1 | . 1 . Scanalyzers . | . . . Garrison Access . | . . . Total Hacks 10 | . 10 . Successful 6 | . 6 . Failed 4 | . 4 . Catastrophic . | . . . Database Lockouts . | . . . Manual 7 | . 7 . Terminals 8 | . 8 . Fabricators . | . . . Repair Stations . | . . . Recycling Units 2 | . 2 . Scanalyzers . | . . . Garrison Access . | . . . Terminal Hacks 1 | . 1 . Alert Level 1 | . 1 . Fabricator Hacks . | . . . Repair Station Hacks . | . . . Recycling Unit Hacks 1 | . 1 . Report Inventory 1 | . 1 . Scanalyzer . | . . . Garrison Access Hacks . | . . . Unauthorized Hacks 4 | . 4 . Terminals 4 | . 4 . Track 2 | . 2 . Botnet 2 | . 2 . Fabricators . | . . . Repair Stations . | . . . Recycling Units . | . . . Scanalyzers . | . . . Garrison Access . | . . . Data Cores Recovered . | . . . Used . | . . . Hacking Detections 3 | . 3 . Full Trace Events 3 | . 3 . Feedback Events . | . . . Feedback Blocked . | . . . Robot Schematics Acquired . | . . . Robots Built . | . . . Authchips . | . . . Time . | . . . Total Robot Build Rating . | . . . Part Schematics Acquired . | . . . Parts Built . | . . . Authchips . | . . . Time . | . . . Total Part Build Rating . | . . . Part Studies Acquired . | . . . Parts Repaired . | . . . Time . | . . . Parts Recycled . | . . . Recycled Matter . | . . . Retrieved Matter . | . . . Retrieved Components . | . . . Parts Scanalyzed . | . . . Part Schematics Acquired . | . . . Parts Damaged . | . . . Bothacking | -11 -10 -10 ------------ Run | Yrd Mat Min Used RIF Installer . | . . . Robots Hacked . | . . . Non-combat . | . . . Combat . | . . . Robot Hacks Applied . | . . . Relay Couplers Released . | . . . Fabnet Peak Effective % . | . . . Robots Rewired . | . . . Allies Hacked . | . . . Hacks Repelled . | . . . Allies | -11 -10 -10 -------- Run | Yrd Mat Min Total Allies 2 | . . 2 Largest Group 2 | . . 2 Highest-Rated Group 53 | . . 53 Highest-Rated Ally 31 | . . 31 Total Orders . | . . . Ally Attacks 3 | . . 3 Total Damage 63 | . . 63 Kills . | . . . Allies Corrupted . | . . . Allies Melted . | . . . Intel | -11 -10 -10 ------- Run | Yrd Mat Min Active Infowar (turns) 556 | 14 496 46 Seismic 556 | 14 496 46 Robot Analysis Total . | . . . Derelict Logs Recovered . | . . . Drone Launches . | . . . Drone Recoveries . | . . . Exploration | -11 -10 -10 ------------- Run | Yrd Mat Min Turns Passed 684 | 126 496 62 Spaces Moved 314 | 58 235 21 Core 17 | 13 . 4 Treads 297 | 45 235 17 Legs . | . . . Wheels . | . . . Hover . | . . . Flight . | . . . Fastest Speed 50 | 50 160 240 Average Speed 166 | 138 163 270 Slowest Speed 450 | 160 240 450 Overloaded Moves . | . . . Propulsion Burnouts . | . . . Robots Hopped . | . . . Potential Cave-ins . | . . . Cave-ins Triggered . | . . . Exploration Rate (%) 21 | 4 50 9 Regions Visited 2 Branch Regions 1 Pre-discovered Areas . | . . . Known Exits Taken . | . . . Unknown Exits Taken 2 | 1 1 . Scrap Searched . | . . . Spaces Dug . | . . . Terrain Destroyed . | . . . Melee . | . . . Projectile . | . . . AOE . | . . . Terrain Rammed . | . . . Walls Destroyed . | . . . Machines Disabled . | . . . Actions | -11 -10 -10 --------- Run | Yrd Mat Min Total 410 | 83 303 24 Wait 31 | . 31 . Move 312 | 57 234 21 Hop . | . . . Pick Up 11 | 8 3 . Fast Attach 6 | 6 . . Attach 1 | 1 . . Detach . | . . . Swap 3 | . 3 . Drop 2 | . 2 . Fire 42 | 11 28 3 Melee . | . . . Ram . | . . . Kick . | . . . Crush 2 | . 2 . Escape Stasis . | . . . Rewire . | . . . Trap . | . . . Miscellaneous . | . . . Route ------- -11/Scrapyard -10/Materials (discovered 2 exits: [*Mat] / [*Min]) -10/Mines History --------- Turn | Location | Event 15 | -11/Scrapyard | Discovered new exit (range 16) 127 | -11/Scrapyard | Entered Materials 303 | -10/Materials | Build established: Mutant 383 | -10/Materials | Discovered new exit (range 16) 590 | -10/Materials | Discovered new exit (range 7) 623 | -10/Materials | Entered Mines 627 | -10/Mines | Assembled infested the area 670 | -10/Mines | Core integrity fell below 50% 684 | -10/Mines | Core integrity fell below 20% 685 | -10/Mines | Destroyed by D-53 Grenadier with Mini Grenade Launcher Last Messages --------------- 00674_ as-07708 destroyed. 00674_ as-87403 destroyed. 00676_ The unstable cave ceiling collapses. 00676_ D-53 Grenadier destroyed. 00677_ U-05 Engineer lays Concrete. 00678_ U-05 Engineer builds a Wall. 00678_ Ion Engine destroyed. 00679_ The unstable cave ceiling collapses. 00680_ K-01 Serf collects debris. 00681_ as-01968 destroyed. 00681_ as-19814 destroyed. 00682_ U-05 Engineer builds a Wall. 00683_ The unstable cave ceiling collapses. 00683_ Lgt. Assault Rifle destroyed. 00683_ K-01 Serf collects debris. 00683_ K-01 Serf destroyed. 00684_ The unstable cave ceiling collapses. 00684_ Mni. Grenade Launcher crushed. 00685_ The unstable cave ceiling collapses. 00685_ as-49793 destroyed. Map ----- +----------------------------------------------------+ | ???????????????????????????????????????????????? | | ???????????????????????????????????????????????? | | ???????????????????????????????????????????????? | | ???????????????????????????????????????????????? | | ???????????????????????????????????????????????? | | ???????????????????????????????????????????????? | | ???????????????????????????????????????????????? | | ???????????????????????????????????????????????? | | ???????????????????????????????????????????????? | | ??????????????????????????????????? ???????????? | | ??????????????????????????????????? ???????????? | | ??????????????????????????????????? ???????????? | | ??????????????????????????##??????? ???????????? | | ?????????????????????????? ##?????? ???????????? | | ?????????????????????????? #?????? ???????????? | | ??????????? ???##????????? #?????? ???????????? | | ??????????? ### ###?###? ??????# #??????????? | | ????????# ?# ## ## ???????# #??????????? | | ?????????# # # ##??????# #??????????? | | ??????????? %a # ###????# #??????????? | | ????????????# # ##???# #??????????? | | ?????????# # a # # # #??????????? | | ??????????? # ##%##?????????? | | ??????????????# =! % u ###???????? | | ????????????????## #%% # ##??????? | | ????????????????## @dk # # #??????? | | ?????????????????# #?## # | | ?????????????????## # # ##??## # | | ??????????????????#### ## # ####?????#### ## | | ?????????????????????##??####?????????????#####? | | ???????????????????????????????????????????????? | | ???????????????????????????????????????????????? | | ???????????????????????????????????????????????? | | ???????????????????????????????????????????????? | | ???????????????????????????????????????????????? | | ???????????????????????????????????????????????? | | ???????????????????????????????????????????????? | | ???????????????????????????????????????????????? | | ???????????????????????????????????????????????? | | ???????????????????????????????????????????????? | | ???????????????????????????????????????????????? | | ???????????????????????????????????????????????? | | ???????????????????????????????????????????????? | | ???????????????????????????????????????????????? | | ???????????????????????????????????????????????? | | ???????????????????????????????????????????????? | | ???????????????????????????????????????????????? | | ???????????????????????????????????????????????? | | ???????????????????????????????????????????????? | | ???????????????????????????????????????????????? | +----------------------------------------------------+ Best States ------------- Heat Dissipation 25 Energy Generation 10 Energy Capacity 250 Matter Stores 300 Matter Capacity 300 Sight Range 16 Terrain Scan Density 10 Evasion (%) 50 Recoil Reduction 2 Item Schematics ----------------- None Robot Schematics ------------------ None Fabricated ------------ Nothing Repaired ---------- Nothing Studied --------- None Alien Tech Used ----------------- None Achievements -------------- Physics Hates This One Trick Challenges ------------ None Game ------ Seed DroneCorruptionAutocannon Manual? 0 Play Time 00:08:44 Cumulative 14.2 hours Start 2025.10.27 @ 14:08:57 End 2025.10.27 @ 14:18:27 Sessions 1 Manual Loads 0 Difficulty Rogue Special Mode None Game No. 37 Rogue 37 Adventurer 0 Explorer 0 Win Type - Total 0 Types 0/0/0/0/0/0/0/0/0/0 Lore% 2 Gallery% 17 Achievement% 12 Wizard Run 0 Options --------- Layout 0 ASCII 0 Keyboard 1 Movement Vi Keybinds 0 Fullscreen 1 Font 24/Smallcaps Map View 113x50 Zoom Use 0% Tactical HUD 1 Map Filters NONE Filters NONE Steam 1 RUN: 27167ab6-5769-4706-9a2d-eebd19700f09